 Dungeon Crawl Stone Soup version 0.20.1-1-g8b1a95d (webtiles) character file.

1527 tognito the Cleaver (level 8, -1/64 HPs)
             Began as a Minotaur Berserker on July 4, 2017.
             Was an Elder of Trog.
             Slain by an orc warrior
             ... wielding a +0 war axe
              (17 damage)
             ... on level 7 of the Dungeon.
             The game lasted 00:10:05 (4429 turns).

tognito the Cleaver (Minotaur Berserker)            Turns: 4429, Time: 00:10:07

Health: -1/64      AC: 13    Str: 25    XL:     8   Next: 55%
Magic:  7/7        EV:  7    Int:  4    God:    Trog [****..]
Gold:   410        SH:  0    Dex:  9    Spells: 7/7 levels left

rFire    . . .     SeeInvis +   a - +0 hand axe
rCold    . . .     Gourm    .   (no shield)
rNeg     . . .     Faith    .   s - +1 plate armour of the Other World {SInv}
rPois    .         Spirit   .   (helmet restricted)
rElec    .         Reflect  .   (no cloak)
rCorr    .         Harm     .   (no gloves)
MR       .....                  o - +0 pair of boots
Stlth    ..........             (no amulet)
Regen    0.2/turn               (no ring)
MPRegen  0.1/turn               (no ring)

@: lethally poisoned (-1 -> -2)
A: retaliatory headbutt, horns 2
a: Berserk, Trog's Hand, Brothers in Arms, Burn Spellbooks, Renounce Religion


You were on level 7 of the Dungeon.
You worshipped Trog.
Trog was greatly pleased with you.
You were very hungry.

You visited 1 branch of the dungeon, and saw 7 of its levels.

You collected 410 gold pieces.

Inventory:

Hand Weapons
 a - a +0 hand axe (weapon)
 b - a +0 shortbow
Missiles
 l - 49 bolts
 p - 15 arrows
Armour
 o - a +0 pair of boots (worn)
 s - the +1 plate armour of the Other World (worn) {SInv}
   (You found it on level 5 of the Dungeon)

   It lets you see invisible.
Jewellery
 h - an uncursed ring of poison resistance {unknown}
 C - a cursed amulet of inaccuracy {unknown}
Wands
 x - a wand of iceblast (9/15)
 B - a wand of acid (7/15)
Scrolls
 d - 3 scrolls of fog {unknown}
 e - 2 scrolls of immolation {unknown}
 f - 3 scrolls of remove curse {unknown}
 g - 3 scrolls of recharging {unknown}
 i - a scroll of blinking {unknown}
 m - a scroll of amnesia {unknown}
 q - 4 scrolls of identify {unknown}
 r - a scroll of magic mapping {unknown}
 t - a scroll of noise {unknown}
 u - a scroll of enchant armour {unknown}
 y - a scroll of enchant weapon {unknown}
 A - a scroll of teleportation {unknown}
Potions
 k - a potion of heal wounds
 n - a potion of curing
 v - a potion of flight
Comestibles
 c - 8 bread rations
 j - 3 royal jellies
 w - 2 meat rations


   Skills:
 - Level 3.6 Fighting
 + Level 12.9 Axes
 - Level 2.4 Armour
 - Level 2.1 Dodging


You had 7 spell levels left.
You didn't know any spells.

Dungeon Overview and Level Annotations

Branches:
Dungeon (7/15)             Temple (0/1) D:5

Altars:
Ashenzari

Shops:
D:6 [


Innate Abilities, Weirdness & Mutations

You reflexively headbutt those who attack you in melee.
You have a pair of horns on your head.


Message History

The orc warrior hits you but does no damage.
The big kobold hits you but does no damage.
You hit the orc warrior.
The orc warrior is severely wounded.
You hit the big kobold but do no damage.
You hit the orc wizard but do no damage.
The orc wizard hits you but does no damage.
The big kobold barely misses you. You furiously retaliate!
You headbutt the big kobold.
You kill the big kobold!
Trog accepts your kill.
You hit the orc warrior but do no damage.
Your headbutt misses the orc warrior.
The orc warrior is severely wounded.
You slash the orc wizard! The orc wizard casts a spell at you.
The puff of frost hits you!
* * * LOW HITPOINT WARNING * * *
The orc warrior hits you with a war axe!
You die...

... .## .... (.
...######.#
.........
#.....(#
#......#
#..)o).#
#..)@..#
#..o......#
..........####
####........
#...$....:.
..............
###.....#.##...
#.....#.. ..#


You could see an orc warrior and an orc wizard.

Vanquished Creatures
  Prince Ribbit (D:5)
  A water moccasin (D:5)
  An ogre (D:7)
  A centaur (D:4)
  2 phantoms
  A big kobold (D:7)
  2 scorpions
  2 crimson imps
  2 bullfrog zombies
  A jelly (D:5)
  4 bullfrog skeletons
  A hound (D:5)
  An iguana (D:6)
  4 orc wizards
  2 worker ants
  A worker ant zombie (D:6)
  8 adders
  A gnoll (D:1)
  An adder skeleton (D:4)
  6 worms
  3 dart slugs
  4 leopard geckos
  10 orcs
  2 ball pythons (D:2)
  5 giant cockroaches
  14 goblins
  7 hobgoblins
  6 jackals
  12 kobolds
  A quokka (D:2)
  12 bats
  6 frilled lizards
  A leopard gecko skeleton (D:4)
  10 rats
136 creatures vanquished.

Vanquished Creatures (others)
  A phantom (D:4)
1 creature vanquished.

Grand Total: 137 creatures vanquished

Notes
Turn   | Place    | Note
-------+----------+-------------------------------------------
     0 | D:1      | tognito the Minotaur Berserker began the quest for the Orb.
     0 | D:1      | Reached XP level 1. HP: 19/19 MP: 0/0
    26 | D:1      | Reached skill level 4 in Axes
    31 | D:1      | Reached XP level 2. HP: 24/26 MP: 1/1
   417 | D:1      | Reached ** piety under Trog
   418 | D:1      | Reached skill level 5 in Axes
   422 | D:1      | Reached XP level 3. HP: 23/31 MP: 2/2
  1189 | D:2      | Reached XP level 4. HP: 39/39 MP: 3/3
  1213 | D:2      | Reached skill level 6 in Axes
  1277 | D:2      | Reached *** piety under Trog
  1784 | D:3      | Reached XP level 5. HP: 45/45 MP: 4/4
  1999 | D:4      | Reached skill level 7 in Axes
  2322 | D:4      | Reached skill level 8 in Axes
  2334 | D:4      | Noticed a centaur
  2345 | D:4      | Killed a centaur
  2345 | D:4      | Reached XP level 6. HP: 26/51 MP: 5/5
  2617 | D:4      | Reached skill level 9 in Axes
  2683 | D:4      | Found a shattered altar of Ashenzari.
  2985 | D:5      | Entered Level 5 of the Dungeon
  3013 | D:5      | Got a transparent plate armour
  3024 | D:5      | Identified the +1 plate armour of the Other World {SInv} (You found it on level 5 of the Dungeon)
  3029 | D:5      | Noticed a water moccasin
  3037 | D:5      | Reached XP level 7. HP: 53/57 MP: 6/6
  3043 | D:5      | Reached skill level 10 in Axes
  3338 | D:5      | Reached **** piety under Trog
  3372 | D:5      | Noticed Prince Ribbit
  3381 | D:5      | Killed Prince Ribbit
  3381 | D:5      | Reached skill level 11 in Axes
  3381 | D:5      | Reached XP level 8. HP: 47/64 MP: 7/7
  3561 | D:5      | Found a staircase to the Ecumenical Temple.
  3795 | D:6      | Found Kunol's Antique Armour Shop.
  3928 | D:6      | Reached skill level 12 in Axes
  4429 | D:7      | Slain by an orc warrior

Skill      XL: |  1  2  3  4  5  6  7  8 |
---------------+-------------------------+-----
Axes           | 4 5 6 8 9 11 12 | 12.9
Fighting       | |  3.6
Armour         | |  2.4
Dodging        | |  2.1

Action                   |  1- 3 |  4- 6 |  7- 9 || total
-------------------------+-------+-------+-------++-------
Melee: Hand axe          |    83 |   165 |   136 ||   384
       Headbutt          |    10 |    27 |    30 ||    67
 Fire: Shortbow          |       |    13 |    33 ||    46
Invok: Burn Spellbooks   |       |     1 |       ||     1
  Use: Potion            |     5 |     3 |     2 ||    10
  Eat: Chunk             |     1 |     6 |     3 ||    10
Armor: Animal skin       |    10 |       |       ||    10
       Chain mail        |     8 |    89 |       ||    97
       Plate armour      |       |     4 |    79 ||    83
Dodge: Dodged            |    43 |    53 |    39 ||   135
